 Dungeon Crawl Stone Soup version 0.30.2 (webtiles) character file.

Game seed: 6851446686333126655

0 porpoise the Chiller (level 1, -5/13 HPs)
             Began as a Demonspawn Ice Elementalist on Mar 19, 2024.
             Slain by a kobold
             ... wielding a +2 dagger of electrocution
              (18 damage)
             ... on level 1 of the Dungeon.
             The game lasted 00:00:51 (329 turns).

porpoise the Chiller (Demonspawn Ice Elementalist)   Turns: 329, Time: 00:01:00

Health: -5/13      AC:  2    Str:  8    XL:     1   Next: 8%
Magic:  2/3        EV: 12    Int: 16    God:
Gold:   2          SH:  0    Dex: 13    Spells: 3/4 levels left

rFire   . . .        a - +0 short sword
rCold   . . .        (no shield)
rNeg    . . .        f - +0 robe
rPois   +            (no helmet)
rElec   .            (no cloak)
rCorr   .            (no gloves)
SInv    .            (no boots)
Will    .....        (no amulet)
Stlth   ++           e - ring of poison resistance
HPRegen 0.22/turn    (no ring)
MPRegen 0.08/turn

%: no passive effects
@: no status effects
A: no striking features
a: no special abilities


You were on level 1 of the Dungeon.
You visited 1 branch of the dungeon, and saw 1 of its levels.

You collected 2 gold pieces.

Inventory:

Hand Weapons
 a - a +0 short sword (weapon)
Armour
 f - a +0 robe (worn)
Jewellery
 e - a ring of poison resistance (left hand)
Scrolls
 c - a scroll of poison {unknown}
 d - a scroll of identify {unknown}
Potions
 b - a potion of magic


   Skills:
 - Level 1.7 Dodging
 + Level 1.8 Stealth
 + Level 2.0 Spellcasting
 + Level 3.6 Ice Magic


You had 3 spell levels left.
You knew the following spells:

 Your Spells              Type           Power      Damage    Failure   Level
a - Freeze                Ice            52%        1d6       4%          1

Your spell library contained the following spells:

 Spells                   Type           Power      Damage    Failure   Level
 Frozen Ramparts          Ice            26%        1d4       14%         3
 Ozocubu's Armour         Ice            13%        N/A       14%         3
 Summon Ice Beast         Ice/Summ       7%         N/A       69%         4


Dungeon Overview and Level Annotations

Branches:
Dungeon (1/15)

Altars:


Message History

You freeze the ball python.
The ball python is severely wounded.
The ball python misses you. The ball python barely misses you.
Casting: Freeze (safe; 4% risk of failure)
Confirm with . or Enter, or press ? or * to list all spells.
Aiming: Freeze (safe; 4% risk of failure)
Press: ? - help, Shift-Dir - straight line, f/p - ball python
Aim: a ball python (severely wounded)
You freeze the ball python.
You kill the ball python!
You start resting.
Magic restored.
You see here a ball python corpse.
d - a scroll labelled MOSMIOLUIWK
e - a ring of poison resistance
e - a ring of poison resistance (left hand)
Found a stone staircase leading down.
There is a stone staircase leading down here.
Found a short sword.
You see here a +0 short sword.
There is a stone staircase leading down here.
A kobold comes into view.
It is wielding a +2 dagger of electrocution.
You see here a +0 short sword.
f - a +0 short sword Adjust to which letter? (? for menu, Esc to quit)
a - a +0 short sword;
f - a +0 robe (worn)
a - a +0 short sword (weapon)
You now have 2 gold pieces.
No target in view!
The kobold throws a stone.
The stone barely misses you.
Casting: Freeze (safe; 4% risk of failure)
Confirm with . or Enter, or press ? or * to list all spells.
Aiming: Freeze (safe; 4% risk of failure)
Press: ? - help, Shift-Dir - straight line, f - kobold
Aim: a kobold, wielding a +2 dagger of electrocution and quivering stones You freeze the kobold.
The kobold is heavily wounded.
The kobold hits you but does no damage.
You are electrocuted!!
Ouch! That really hurt!
You die...

#.# #.#
#.# #.#
#.#
##.#######
#........#
#..#####.#
#.@.# #.#
#.K.# #.#
#...# #.#
#...# #.#
.. #...#
#.# ..
#...# #.#
.. #...#
#.# ..
#...# #.#
## #...#
#.#


You could see a kobold.

Vanquished Creatures
  A ball python (D:1)
1 creature vanquished.

Notes
Turn   | Place    | Note
-------+----------+-------------------------------------------
     0 | D:1      | porpoise the Demonspawn Ice Elementalist began the quest
                  | for the Orb.
     0 | D:1      | Reached XP level 1. HP: 13/13 MP: 3/3
   329 | D:1      | Slain by a kobold

Illustrated notes

Levels and vault maps discovered:
D:1:      lemuel_arrival_room, layout_basic, grunt_decor_arrowhead,
          kennysheep_minor_cross, minmay_stone_trees_medium

Action                     || total
---------------------------++-------
   Cast: Freeze            ||     3
 Armour: Robe              ||     1
  Dodge: Dodged            ||     3
